 Dungeon Crawl Stone Soup version 0.18.1-48-g4cf74bf (webtiles) character file.

3139 tagomago the Martial Artist (level 9, 0/58 HPs)
             Began as an Octopode Transmuter on July 23, 2016.
             Was a Believer of Vehumet.
             Killed from afar by an electric eel (14 damage)
             ... with a bolt of electricity
             ... on level 7 of the Dungeon.
             The game lasted 00:25:03 (9977 turns).

tagomago the Martial Artist (Octopode Transmuter)   Turns: 9977, Time: 00:25:04

Health: 0/58       AC:  2    Str:  9    XL:     9   Next: 92%
Magic:  13/15      EV: 20    Int: 18    God:    Vehumet [**....]
Gold:   206        SH:  0    Dex: 18    Spells: 5 memorised, 4 levels left

rFire  . . .     SeeInvis +       - Unarmed
rCold  . . .     Gourm    .     (shield currently unavailable)
rNeg   . . .     Faith    .     (helmet currently unavailable)
rPois  x         Spirit   .     (no amulet)
rElec  .         Dismiss  .     v - ring of see invisible
rCorr  .         Reflect  .     (no ring)
SustAt .         Harm     .     (no ring)
MR     .....                    (no ring)
Stlth  +++.......               (no ring)
                                (no ring)
                                (no ring)
                                (no ring)

@: spider-form, not resistant to hostile enchantments, fairly stealthy
A: almost no armour, (amphibious), 8 rings, (constrict 8), (camouflage 0),
(gelatinous body 0)
a: End Transformation, Renounce Religion


You were on level 7 of the Dungeon.
You worshipped Vehumet.
Vehumet was pleased with you.
You were not hungry.
You were a venomous arachnid creature.
You visited 1 branch of the dungeon, and saw 7 of its levels.

You collected 270 gold pieces.
You donated 64 gold pieces to Zin.

Inventory:

Missiles
 a - 13 arrows
Rods
 t - a +0 rod of inaccuracy (12/12)
   (You found it on level 4 of the Dungeon)
Jewellery
 v - a ring of see invisible (left front leg)
Scrolls
 d - 3 scrolls of remove curse {unknown}
 e - 3 scrolls of teleportation
 j - 3 scrolls of amnesia {unknown}
 m - a scroll of fog {unknown}
 o - 3 scrolls of blinking {unknown}
 p - a scroll of magic mapping {unknown}
 q - a scroll of fear {unknown}
 r - 3 scrolls of enchant weapon {unknown}
 y - a scroll of random uselessness {unknown}
 z - a scroll of torment {unknown}
 A - a scroll of immolation {unknown}
Potions
 f - a potion of magic {unknown}
 g - a potion of berserk rage {unknown}
 i - 2 potions of haste
 k - a potion of flight {unknown}
 n - 2 potions of agility
 s - a potion of brilliance {unknown}
 w - 3 potions of ambrosia
 x - a potion of resistance {unknown}
Books
 b - a book of Changes

   Spells                             Type                      Level
   a - Beastly Appendage              Transmutation                1
   b - Sticks to Snakes               Transmutation                2
   c - Spider Form                    Transmutation/Poison         3
   d - Ice Form                       Ice/Transmutation            4
   e - Blade Hands                    Transmutation                5
Comestibles
 B - a meat ration


   Skills:
 - Level 4.2 Fighting
 - Level 2.0 Dodging
 - Level 10.2 Unarmed Combat
 + Level 4.0 Spellcasting
 + Level 7.1 Transmutations
 - Level 3.1 Poison Magic


You had 4 spell levels left.
You knew the following spells:

 Your Spells              Type           Power        Failure   Level  Hunger
a - Beastly Appendage     Trmt           ####..       4%          1    None
b - Sticks to Snakes      Trmt           ####....     6%          2    ##.....
c - Spider Form           Trmt/Pois      ###.......   17%         3    ###....
d - Flame Tongue          Conj/Fire      #....        32%         1    None
e - Blade Hands           Trmt           ####......   45%         5    ######.


Dungeon Overview and Level Annotations

Branches:
Dungeon (7/15)             Temple (0/1) D:6

Altars:
Ashenzari
Cheibriados
Fedhas
Gozag
Okawaru
Vehumet
Xom
Zin
The Shining One

Shops:
D:6 ?

Annotations:
D:5 coldmonkey's ghost, novice DgFi


Innate Abilities, Weirdness & Mutations

You cannot wear most types of armour.
((You are amphibious.))
You can wear up to eight rings at the same time.
((You can use your tentacles to constrict eight enemies at once.))
((Your skin changes colour to match your surroundings (Stealth).))
((Your rubbery body absorbs attacks (AC +1).))


Message History

You hit the electric eel but do no damage.
The electric eel shoots out a bolt of lightning at you!
The bolt of electricity hits you!
* * * LOW HITPOINT WARNING * * *
Casting: Spider Form
Confirm with . or Enter, or press ? or * to list all spells.
You don't know that spell.
Drink which item? (? for menu, Esc to quit)
You feel better.
The electric eel shoots out a bolt of lightning at you!
The bolt of electricity hits you!
* * * LOW HITPOINT WARNING * * *
Drink which item? (? for menu, Esc to quit)
You feel better.
Your unstable footing causes you to fumble your attack.
You bite the electric eel!
The electric eel is almost dead.
The electric eel shoots out a bolt of lightning at you!
The bolt of electricity hits you!
You die...

#.# ... ≈≈≈≈≈ #.######.# #≈≈≈≈#
#.#....... ≈≈≈≈≈≈ #.#.#..#.#
#≈≈.≈≈≈ #.#.#..#.###≈≈.≈≈≈%
#.#.<..#.#..≈≈.⌠...<..
#####.#.#..#.#.≈;≈..≈≈... ≈
#..............s;≈#≈≈≈≈≈ ≈#
##.##.......##..≈≈≈≈≈≈≈ ≈≈≈
#.##..†..#.##...≈≈≈≈≈≈≈≈≈≈ ≈≈.
#.##.#...#.##..#≈#≈≈#≈≈≈≈#≈≈≈
#.##.#...#.##.###≈≈≈≈≈≈≈≈≈≈≈
#.##.#.#(#.##..###.≈≈≈#≈≈≈.##
#.##.#.#.#.###.#..##≈≈.≈≈#..###
#.##.#...#.# #...## #........#
#.##.#####.# ##### #.[.......


You could see 2 electric eels.

Vanquished Creatures
  Pikel (D:5)
  Grinder (D:4)
  Eustachio (D:4)
  A hippogriff (D:3)
  A steam dragon (D:7)
  A water moccasin (D:6)
  A slave (D:5)
  An orc warrior (D:7)
  An ice beast (D:6)
  3 sky beasts
  A phantom (D:6)
  An ogre (D:4)
  An iguana (D:5)
  A centaur (D:5)
  A gnoll sergeant (D:5)
  A giant frog (D:6)
  5 wights (D:7)
  A howler monkey (D:6)
  2 electric eels (D:7)
  2 crimson imps
  4 hounds
  A jelly (D:7)
  A gnoll shaman (D:4)
  2 orc wizards
  5 worker ants
  A hound skeleton (D:5)
  A worker ant zombie (D:5)
  7 gnolls
  9 adders
  A shadow imp (D:5)
  An ooze (D:1)
  An adder skeleton (D:5)
  7 worms
  6 dart slugs
  4 giant geckos
  17 orcs
  A ball python (D:7)
  10 bats
  6 giant cockroaches
  6 goblins
  5 hobgoblins
  9 jackals
  5 quokkas
  A giant gecko skeleton (D:7)
  7 giant newts
  2 kobolds (D:2)
  14 rats
162 creatures vanquished.

Vanquished Creatures (others)
  3 slaves (D:5)
  A giant frog skeleton (D:5)
  A gnoll (D:5)
5 creatures vanquished.

Grand Total: 167 creatures vanquished

Notes
Turn   | Place    | Note
--------------------------------------------------------------
     0 | D:1      | tagomago the Octopode Transmuter began the quest for the Orb.
     0 | D:1      | Reached XP level 1. HP: 13/13 MP: 3/3
   109 | D:1      | Reached XP level 2. HP: 12/18 MP: 5/5
   378 | D:1      | Reached skill level 4 in Unarmed Combat
   464 | D:1      | Reached XP level 3. HP: 20/23 MP: 6/6
   476 | D:1      | Learned a level 2 spell: Sticks to Snakes
   480 | D:1      | Learned a level 3 spell: Spider Form
  1019 | D:2      | Found an opulent altar of Gozag.
  1279 | D:2      | Found an iron altar of Okawaru.
  1716 | D:2      | Reached XP level 4. HP: 15/28 MP: 3/7
  2286 | D:2      | Reached XP level 5. HP: 26/33 MP: 4/8
  2555 | D:2      | Found a shimmering altar of Xom.
  2570 | D:2      | Found a glowing silver altar of Zin.
  2579 | D:2      | Became a worshipper of Zin the Law-Giver
  2579 | D:2      | Reached * piety under Zin
  2630 | D:2      | Found a snail-covered altar of Cheibriados.
  2677 | D:2      | Reached skill level 5 in Unarmed Combat
  2922 | D:2      | Donated 53 gold pieces to Zin
  2971 | D:3      | Was placed under penance by Zin
  3106 | D:3      | Reached skill level 1 in Poison Magic
  3267 | D:3      | Fell from the grace of Zin
  3516 | D:3      | Noticed a hippogriff
  3523 | D:3      | Killed a hippogriff
  3523 | D:3      | Reached XP level 6. HP: 12/38 MP: 5/9
  4241 | D:4      | Reached skill level 6 in Unarmed Combat
  4287 | D:4      | Noticed Eustachio
  4306 | D:4      | Killed Eustachio
  4306 | D:4      | Reached XP level 7. HP: 19/43 MP: 7/10
  4655 | D:3      | Found a glowing golden altar of the Shining One.
  4655 | D:3      | Found a radiant altar of Vehumet.
  4689 | D:3      | Became a worshipper of Vehumet
  4855 | D:4      | Noticed Grinder
  4868 | D:4      | Paralysed by Grinder for 7 turns
  4878 | D:4      | Killed Grinder
  4878 | D:4      | Reached skill level 7 in Unarmed Combat
  4878 | D:4      | Reached skill level 5 in Transmutations
  5979 | D:5      | Entered Level 5 of the Dungeon
  6005 | D:5      | Reached XP level 8. HP: 38/48 MP: 11/11
  6058 | D:5      | Reached * piety under Vehumet
  6058 | D:5      | Offered knowledge of Flame Tongue by Vehumet.
  6096 | D:5      | Learned a level 1 spell: Flame Tongue
  6495 | D:5      | Identified a +0 rod of inaccuracy (12/12) (You found it on level 4 of the Dungeon)
  6509 | D:5      | Noticed Pikel
  6527 | D:5      | Killed Pikel
  6527 | D:5      | Reached skill level 8 in Unarmed Combat
  7015 | D:5      | Learned a level 5 spell: Blade Hands
  7039 | D:5      | Noticed coldmonkey's ghost (novice DgFi)
  7196 | D:5      | Found a shattered altar of Ashenzari.
  7203 | D:5      | Reached XP level 9. HP: 45/54 MP: 9/13
  7212 | D:5      | Reached skill level 9 in Unarmed Combat
  7683 | D:6      | Found Waxyeb's Magic Scroll Boutique.
  8244 | D:6      | Found a blossoming altar of Fedhas.
  8717 | D:6      | Found a staircase to the Ecumenical Temple.
  9181 | D:7      | Reached skill level 10 in Unarmed Combat
  9326 | D:7      | Offered knowledge of Sting by Vehumet.
  9327 | D:7      | Reached ** piety under Vehumet
  9336 | D:7      | HP: 2/58 [orc warrior/glaive (15)]
  9971 | D:7      | HP: 2/58 [electric eel/bolt of electricity (10)]
  9977 | D:7      | Killed from afar by an electric eel

Skill      XL: |  1  2  3  4  5  6  7  8  9 |
---------------+----------------------------+-----
Unarmed Combat | 4 5 6 7 8 10 | 10.2
Transmutations | 3 4 5 6 7 |  7.1
Poison Magic   | 1 2 3 |  3.1
Spellcasting   | 3 4 |  4.0
Fighting       | 4 |  4.2
Dodging        | |  2.0

Action                   |  1- 3 |  4- 6 |  7- 9 || total
-------------------------+-------+-------+-------++-------
Melee: Unarmed           |    83 |   113 |   295 ||   491
       Constrict         |    21 |    20 |    30 ||    71
       Tentacles         |    16 |     8 |    15 ||    39
       Kick              |     1 |     1 |     7 ||     9
       Punch             |       |     3 |     9 ||    12
 Cast: Beastly Appendage |     1 |     1 |     3 ||     5
       Spider Form       |       |     8 |    19 ||    27
       Flame Tongue      |       |       |     2 ||     2
Invok: Donate Gold       |       |     1 |       ||     1
       Renounce Religion |       |     1 |       ||     1
  Use: Scroll            |       |       |     7 ||     7
       Potion            |       |       |     6 ||     6
 Stab: Sleeping          |     3 |     6 |     1 ||    10
  Eat: Bread ration      |     1 |     1 |     1 ||     3
       Chunk             |     1 |     2 |       ||     3
       Meat ration       |       |       |     3 ||     3
       Fruit             |       |       |     3 ||     3
       Royal jelly       |       |       |     1 ||     1
Armor: Skin              |     8 |    11 |    11 ||    30
Dodge: Dodged            |    52 |   111 |   196 ||   359
